 Dungeon Crawl Stone Soup version 0.17.0-28-g6e173f8 (console) character file.

73367 Kloppie the Basher (level 15, -9/84 HPs)
             Began as a Vine Stalker Fighter on Nov 30, 2015.
             Was the Champion of Makhleb.
             Mangled by an entropy weaver (15 damage)
             ... on level 1 of the Spider Nest.
             The game lasted 00:59:19 (21514 turns).

Kloppie the Basher (Vine Stalker Fighter)          Turns: 21514, Time: 00:59:19

Health: -9/84      AC: -9    Str: 23    XL:     15   Next: 43%
Magic:  0/24       EV: 22    Int:  8    God:    Makhleb [******]
Gold:   2866       SH:  7    Dex: 23    Spells: 0 memorised, 25 levels left

rFire  + . .     SeeInvis +     b - +4 flail {freeze, rF+ Str+3 Dex+4}
rCold  . . .     Clarity  .     Q - +2 troll leather armour
rNeg   + . .     SustAt   .     R - +1 buckler {AC+3}
rPois  +         Gourm    .     z - +1 helmet {SInv}
rElec  .         Spirit   +     A - +2 cloak {rPois}
rCorr  .         Warding  .     F - +2 pair of gloves
rMut   .         Stasis   .     n - +1 pair of boots
MR     +....                    L - amulet of regeneration
Stlth  ++........               o - ring of positive energy
                                i - ring of see invisible

@: corroded equipment, somewhat resistant to hostile enchantments, unstealthy
A: fangs 3, regeneration 3, wild magic 1, magic shield, antimagic bite, no
device heal 3, rot immunity
a: Minor Destruction, Lesser Servant of Makhleb, Major Destruction, Greater
Servant of Makhleb, Renounce Religion


You were on level 1 of the Spider Nest.
You worshipped Makhleb.
Makhleb was exalted by your worship.
You were not hungry.

You visited 5 branches of the dungeon, and saw 27 of its levels.
You also visited: Labyrinth and Sewer.

You collected 3162 gold pieces.
You spent 296 gold pieces at shops.

Inventory:

Hand Weapons
 a - a +0 flail of holy wrath
 b - the +4 flail of Dismay (weapon) {freeze, rF+ Str+3 Dex+4}
   (You found it on level 8 of the Dungeon)

   It has been specially enchanted to freeze those struck by it, causing extra
   injury to most foes and up to half again as much damage against particularly
   susceptible opponents.
   It can also slow down cold-blooded creatures.
   It affects your strength (+3).
   It affects your dexterity (+4).
   It protects you from fire.
 y - a +0 flail of holy wrath
Armour
 n - a +1 pair of boots (worn)
 z - a +1 helmet of see invisible (worn)
 A - a +2 cloak of poison resistance (worn)
 F - a +2 pair of gloves (worn)
 Q - a +2 troll leather armour (worn)
 R - a +1 buckler of protection (worn)
Jewellery
 h - an uncursed amulet of resist corrosion
 i - a ring of see invisible (left hand)
 o - a ring of positive energy (right hand)
 E - a +2 ring of evasion {unknown}
 H - an uncursed ring of teleportation
 L - an amulet of regeneration (around neck)
 T - an uncursed ring of sustain attributes
Wands
 p - a wand of digging (23)
 v - a wand of heal wounds (5)
Scrolls
 f - 12 scrolls of remove curse
 k - a scroll of blinking
 m - 5 scrolls of identify
 s - 9 scrolls of teleportation
 u - 3 scrolls of recharging
 w - 5 scrolls of fog
 C - a scroll of amnesia
 G - a scroll of acquirement
 K - a scroll of enchant armour
 O - 2 scrolls of magic mapping
 Y - 4 scrolls of fear
Potions
 c - a potion of cancellation
 d - 5 potions of lignification
 g - 4 potions of curing
 l - 3 potions of cure mutation
 q - 2 potions of might
 r - 4 potions of haste
 t - 7 potions of flight
 x - 2 potions of agility
 D - 10 potions of brilliance
 I - a potion of ambrosia
 N - 2 potions of invisibility
Miscellaneous
 B - a plain deck of wonders
 W - an ornate deck of changes
 X - a legendary deck of summoning
Comestibles
 e - 10 bread rations
 j - 7 meat rations
 J - 4 fruits
 M - 2 chunks of flesh


   Skills:
 + Level 12.1 Fighting
 - Level 14.0 Maces & Flails
 - Level 9.3 Armour
 - Level 10.0 Dodging
 - Level 4.2 Shields
 - Level 5.5 Spellcasting
 - Level 6.0 Invocations


You had 25 spell levels left.
You didn't know any spells.

Dungeon Overview and Level Annotations

Branches:
Dungeon (13/15)            Temple (1/1) D:4            Lair (8/8) D:10
 Shoals (0/4) Lair:3       Spider (1/4) Lair:5        Slime (0/6) Lair:8
    Orc (4/4) D:11            Elf (0/3) Orc:4
 Vaults: D:13-14

Altars:
Ashenzari
Cheibriados
Dithmenos
Elyvilon
Fedhas
Gozag
Kikubaaqudgha
Makhleb
Nemelex Xobeh
Okawaru
Qazlal
Ru
Sif Muna
Trog
Vehumet
Xom
Yredelemnul
Zin
The Shining One
Jiyva

Shops:
D:5 :%(   D:8 *   Orc:4 :*[(

Annotations:
D:10 exclusion: ice statue


Innate Abilities, Weirdness & Mutations

You have razor-sharp teeth.
You regenerate.
When hurt, damage is shared between your health and your magic reserves.
Your bite disrupts and absorbs the magic of your enemies.
Potions and wands cannot restore your health.
You are immune to rotting.
Your spells are a little harder to cast, but a little more powerful.


Message History

The entropy weaver is almost dead.
The entropy weaver hits you.
* * * LOW HITPOINT WARNING * * *
You block the entropy weaver's attack. The entropy weaver misses you.
The entropy weaver completely misses you.
You hit the entropy weaver but do no damage.
You bite the entropy weaver, but do no damage.
The entropy weaver is severely wounded.
You hit the entropy weaver but do no damage.
Your bite misses the entropy weaver.
The entropy weaver is severely wounded.
The entropy weaver hits you!
* * * LOW HITPOINT WARNING * * *
The entropy weaver hits you!
* * * LOW HITPOINT WARNING * * *
You block the entropy weaver's attack. The entropy weaver closely misses you.
You closely miss the entropy weaver. Your bite misses the entropy weaver.
The entropy weaver is severely wounded.
You block the entropy weaver's attack. The entropy weaver hits you!
You die...

......#...........
....................
...................
...................
##^^...............
##..................
#...................
#..................
#.@........#.......
#p.##......#.......
####...#...##......
#.....##.####.....
##....#### #......
##......###.....#
####.....##...[.##
#.####.#####....#.
#....###.##.....#.


You could see an entropy weaver.

Vanquished Creatures
  An orc warlord (Orc:4)
  An ettin (Orc:3)
  A minotaur (Lab)
  An entropy weaver (Spider:1)
  9 hydras
  Erica (D:8)
  A catoblepas (Lair:4)
  The ghost of Kloppie the Basher, a journeyman GrFi of Elyvilon (D:10)
  A queen ant (Spider:1)
  4 orc high priests (Orc:4)
  The ghost of R18 the Cruncher, a novice DDGl of Ru (Orc:1)
  3 orc knights
  A lindwurm (Lair:6)
  An ugly thing (D:13)
  4 orc sorcerers
  5 wolf spiders
  A cyclops (Orc:3)
  An oklob plant (D:10)
  5 elephants (Lair:6)
  Maurice (D:11)
  9 black mambas
  A torpor snail (Spider:1)
  20 spiny frogs
  A guardian serpent (Lair:8)
  2 jumping spiders (Spider:1)
  A demonic crawler (Lair:5)
  7 komodo dragons
  A queen bee (Lair:3)
  A slime creature (Lair:8)
  2 polar bears
  21 blink frogs
  4 trolls
  A shadow (D:13)
  4 trapdoor spiders
  7 tarantellas
  6 wyverns
  21 redbacks
  39 yaks
  5 basilisks
  3 hungry ghosts
  A steam dragon (D:9)
  12 hippogriffs
  17 water moccasins
  23 soldier ants (Spider:1)
  A warg (Orc:4)
  The ghost of ShansongY the Conjurer, an amateur DECj of Vehumet (D:4)
  3 ice beasts
  4 spiders
  7 porcupines
  26 orc warriors
  3 wasps (Lair:8)
  A phantom (D:6)
  7 centaurs
  14 crocodiles
  6 ogres
  Blork the orc (D:5)
  2 big kobolds
  20 giant frogs
  A wyvern skeleton (D:9)
  3 scorpions
  29 killer bees
  6 wights (D:9)
  2 electric eels (Lair:7)
  7 crimson imps
  46 orc wizards
  2 jellies
  A quasit (D:9)
  Ijyb (D:3)
  2 centaur skeletons
  3 hounds
  17 orc priests
  2 giant frog skeletons
  Natasha (twice) (D:3)
  12 iguanas
  2 sirens
  A merfolk avatar (Sewer)
  18 worker ants
  9 sheep
  A hound skeleton (D:4)
  A hound zombie (D:8)
  2 worker ant zombies
  30 river rats
  23 adders
  A shadow imp (D:9)
  An adder zombie (D:7)
  An ooze (D:7)
  An adder skeleton (D:9)
  2 worms
  9 giant geckos
  199 orcs
  4 ball pythons
  7 giant cockroaches
  9 goblins
  5 hobgoblins
  5 quokkas
  9 bats
  9 giant newts
  21 jackals
  16 kobolds
  31 rats
  2 fungi
904 creatures vanquished.

Vanquished Creatures (others)
  A giant frog (D:8)
  A giant frog skeleton (D:6)
  2 bushes (Lair:3)
  4 fungi
8 creatures vanquished.

Grand Total: 912 creatures vanquished

Notes
Turn   | Place    | Note
--------------------------------------------------------------
     0 | D:1      | Kloppie the Vine Stalker Fighter began the quest for the Orb.
     0 | D:1      | Reached XP level 1. HP: 11/11 MP: 2/2
    90 | D:1      | Reached XP level 2. HP: 14/16 MP: 3/3
   301 | D:1      | Reached skill level 3 in Maces & Flails
   306 | D:1      | Reached XP level 3. HP: 19/19 MP: 4/4
   483 | D:2      | Found an iron altar of Okawaru.
   689 | D:2      | Found a basalt altar of Yredelemnul.
   751 | D:2      | Reached XP level 4. HP: 23/23 MP: 5/5
   878 | D:2      | Reached skill level 4 in Maces & Flails
  1154 | D:3      | Noticed Ijyb
  1169 | D:3      | Killed Ijyb
  1169 | D:3      | Reached XP level 5. HP: 23/27 MP: 4/6
  1189 | D:3      | Found a glowing drain.
  1198 | Sewer    | Entered a sewer
  1363 | Sewer    | Reached skill level 5 in Maces & Flails
  1576 | Sewer    | Gained mutation: You heal very quickly. [Vine Stalker growth]
  1576 | Sewer    | Reached XP level 6. HP: 32/32 MP: 7/7
  1609 | Sewer    | Noticed a drowned soul
  1609 | Sewer    | Noticed a drowned soul
  1610 | Sewer    | Noticed a drowned soul
  1610 | Sewer    | Noticed a drowned soul
  1611 | Sewer    | Noticed a drowned soul
  1611 | Sewer    | Noticed a drowned soul
  1612 | Sewer    | Noticed a drowned soul
  1615 | Sewer    | Noticed a drowned soul
  1959 | D:3      | Noticed Natasha
  1964 | D:3      | Killed Natasha
  2027 | D:3      | Reached skill level 6 in Maces & Flails
  2449 | D:3      | Noticed Natasha
  2453 | D:3      | Killed Natasha
  2763 | D:4      | Noticed ShansongY's ghost (amateur DECj)
  2774 | D:4      | Killed ShansongY's ghost
  2774 | D:4      | Reached XP level 7. HP: 22/37 MP: 6/8
  2808 | D:4      | Found a bloodstained altar of Trog.
  2861 | D:4      | Got a heavily runed golden ring
  2862 | D:4      | Identified the cursed ring "Muoqoss" {EV-3 Int+2} (You found it on level 4 of the Dungeon)
  3083 | D:4      | Found a staircase to the Ecumenical Temple.
  3103 | Temple   | Entered the Ecumenical Temple
  3350 | Temple   | Became a worshipper of Makhleb the Destroyer
  3412 | D:4      | Reached skill level 5 in Fighting
  3684 | D:5      | Entered Level 5 of the Dungeon
  3790 | D:5      | Noticed Blork the orc
  3802 | D:5      | Killed Blork the orc
  3805 | D:5      | Gained mutation: You have razor-sharp teeth. [Vine Stalker growth]
  3805 | D:5      | Reached XP level 8. HP: 29/44 MP: 9/9
  3806 | D:5      | Found Yfus's Food Emporium.
  3896 | D:5      | Found Qossodit's Book Boutique.
  3978 | D:5      | Reached * piety under Makhleb
  4138 | D:5      | Found Vupraad's Antique Weapon Shop.
  4331 | D:6      | Reached skill level 7 in Fighting
  4420 | D:6      | Found a deep blue altar of Sif Muna.
  4517 | D:6      | Found a shimmering altar of Xom.
  4517 | D:6      | Found a blossoming altar of Fedhas.
  4654 | D:6      | Reached skill level 8 in Fighting
  4790 | D:6      | Reached XP level 9. HP: 43/52 MP: 7/10
  4973 | D:7      | Reached ** piety under Makhleb
  5083 | D:7      | Reached skill level 5 in Armour
  5837 | D:8      | Found Joss's General Store.
  5849 | D:8      | Got a steaming flail
  5927 | D:8      | Found a sacrificial altar of Ru.
  6046 | D:8      | Noticed Erica
  6061 | D:7      | Reached *** piety under Makhleb
  6080 | D:8      | Killed Erica
  6080 | D:8      | Reached XP level 10. HP: 31/57 MP: 8/11
  6607 | D:9      | Reached skill level 9 in Armour
  6687 | D:9      | Identified the +4 flail of Dismay {freeze, rF+ Str+3 Dex+4} (You found it on level 8 of the Dungeon)
  6769 | D:9      | Reached **** piety under Makhleb
  6973 | D:9      | Identified a scroll of acquirement
  7561 | D:10     | Entered Level 10 of the Dungeon
  7576 | D:10     | Reached XP level 11. HP: 47/60 MP: 12/12
  7612 | D:10     | Noticed Kloppie's ghost (journeyman GrFi)
  7738 | D:10     | Killed Kloppie's ghost
  7846 | D:10     | Found a staircase to the Lair.
  8038 | D:10     | You fall through a shaft for 3 floors!
  8278 | D:12     | Found an ancient bone altar of Kikubaaqudgha.
  8340 | D:12     | Noticed a six-headed hydra
  8349 | D:12     | Killed a six-headed hydra
  8438 | D:12     | Found a labyrinth entrance.
  8447 | Lab      | Entered a labyrinth
  9005 | Lab      | Noticed a minotaur
  9014 | Lab      | Killed a minotaur
  9014 | Lab      | Reached skill level 10 in Maces & Flails
  9048 | Lab      | Identified Tunur's Grimoire of Evil (You found it in a labyrinth)
  9093 | D:11     | Found a staircase to the Orcish Mines.
  9270 | D:11     | Noticed Maurice
  9286 | D:11     | Killed Maurice
  9581 | D:10     | Reached ***** piety under Makhleb
  9604 | D:10     | Found an ancient bone altar of Kikubaaqudgha.
  9604 | D:10     | Noticed an oklob plant
  9627 | D:10     | Reached skill level 11 in Maces & Flails
  9712 | D:10     | Killed an oklob plant
  9844 | D:10     | Gained mutation: You regenerate. [Vine Stalker growth]
  9844 | D:10     | Reached XP level 12. HP: 65/65 MP: 13/13
 10032 | D:10     | Noticed an ice statue
 10093 | Lair:1   | Entered Level 1 of the Lair of Beasts
 10190 | Lair:1   | Noticed a seven-headed hydra
 10196 | Lair:1   | Killed a seven-headed hydra
 10196 | Lair:1   | Reached skill level 12 in Maces & Flails
 11006 | Lair:2   | Reached skill level 13 in Maces & Flails
 11836 | Lair:3   | Reached ****** piety under Makhleb
 11894 | Lair:3   | Reached skill level 14 in Maces & Flails
 12224 | Lair:3   | Reached skill level 1 in Dodging
 12237 | Lair:3   | Found a staircase to the Shoals.
 12509 | Lair:4   | Noticed a seven-headed hydra
 12521 | Lair:4   | Killed a seven-headed hydra
 12521 | Lair:4   | Reached XP level 13. HP: 67/70 MP: 14/14
 12552 | Lair:4   | Noticed an eight-headed hydra
 12557 | Lair:4   | Killed an eight-headed hydra
 12747 | Lair:4   | Noticed a catoblepas
 12768 | Lair:4   | Killed a catoblepas
 12882 | Lair:4   | Reached skill level 5 in Dodging
 13633 | Lair:5   | Found a hole to the Spider Nest.
 14287 | Lair:6   | Gained mutation: Your spells are a little harder to cast, but a little more powerful. [potion of beneficial mutation]
 15274 | Lair:4   | Reached XP level 14. HP: 74/74 MP: 15/15
 15467 | Orc:1    | Entered Level 1 of the Orcish Mines
 15493 | Orc:1    | Found a burning altar of Makhleb.
 16300 | Orc:1    | Noticed R18's ghost (novice DDGl)
 16320 | Orc:1    | Killed R18's ghost
 16531 | Orc:3    | Reached skill level 10 in Dodging
 16931 | Orc:3    | Reached skill level 1 in Spellcasting
 16931 | Orc:3    | Reached skill level 1 in Invocations
 17196 | Orc:4    | Entered Level 4 of the Orcish Mines
 17457 | Orc:4    | Found a staircase to the Elven Halls.
 17762 | Orc:4    | Paralysed by an orc sorcerer for 2 turns
 18072 | Orc:4    | Noticed an orc warlord
 18196 | Orc:4    | Killed an orc warlord
 18306 | Orc:4    | Found Xoyjahou's General Store.
 18307 | Orc:4    | Found Bumiuttioso's Book Shoppe.
 18308 | Orc:4    | Found Woameox's Antique Armour Shoppe.
 18308 | Orc:4    | Found Alaxa's Antique Weapon Emporium.
 18332 | Orc:4    | Bought a runed helmet for 148 gold pieces
 18332 | Orc:4    | Bought a runed large shield for 148 gold pieces
 18414 | Orc:4    | Reached skill level 5 in Spellcasting
 18896 | Lair:8   | Entered Level 8 of the Lair of Beasts
 18910 | Lair:8   | Reached skill level 5 in Invocations
 19262 | Lair:8   | Found a viscous altar of Jiyva.
 19262 | Lair:8   | Found a staircase to the Slime Pits.
 19674 | Lair:8   | Reached skill level 10 in Fighting
 19697 | Lair:8   | Reached XP level 15. HP: 80/80 MP: 24/24
 20722 | Spider:1 | Entered Level 1 of the Spider Nest
 21513 | Spider:1 | HP: 4/84 [entropy weaver (7)]
 21514 | Spider:1 | Mangled by an entropy weaver

Action                   |  1- 3 |  4- 6 |  7- 9 | 10-12 | 13-15 || total
-------------------------+-------+-------+-------+-------+-------++-------
Melee: Flail             |    93 |       |   226 |   618 |  1452 ||  2389
       Mace              |    15 |   198 |    72 |    16 |       ||   301
Evoke: Wand              |       |       |       |     2 |       ||     2
  Use: Scroll            |       |     7 |     7 |    14 |     5 ||    33
       Potion            |       |       |     1 |     2 |     7 ||    10
 Stab: Paralysed         |       |       |     2 |       |       ||     2
       Sleeping          |       |       |       |     4 |     9 ||    13
       Petrified         |       |       |       |       |     1 ||     1
       Distracted        |       |       |       |       |     1 ||     1
  Eat: Chunk             |       |     6 |     8 |    17 |    26 ||    57
       Fruit             |       |       |     5 |     1 |     2 ||     8
       Bread ration      |       |       |     1 |     1 |       ||     2
       Beef jerky        |       |       |       |     1 |     1 ||     2
       Pizza             |       |       |       |     1 |       ||     1
       Meat ration       |       |       |       |       |     1 ||     1
